 Dungeon Crawl Stone Soup version 0.23-a0-741-g38971ea054 (webtiles) character file.

22 KARABOGA the Ducker (level 2, -6/29 HPs)
             Began as a Gnoll Monk on Jan 18, 2019.
             Killed by divine providence
             ... invoked by an orc priest
              (14 damage)
             ... on level 2 of the Dungeon.
             The game lasted 00:01:30 (672 turns).

KARABOGA the Ducker (Gnoll Monk)                     Turns: 672, Time: 00:01:31

Health: -6/29      AC:  4    Str: 13    XL:     2   Next: 91%
Magic:  2/2        EV: 16    Int: 12    God:
Gold:   76         SH:  0    Dex: 17    Spells: 2/2 levels left

rFire    . . .     SeeInvis .   a - +0 falchion
rCold    . . .     Gourm    .   (no shield)
rNeg     . . .     Faith    .   b - +0 robe
rPois    .         Spirit   .   (no helmet)
rElec    .         Reflect  .   m - +0 cloak
rCorr    .         Harm     .   (no gloves)
MR       .....                  h - +0 pair of boots
Stlth    +++.......             (no amulet)
HPRegen  0.09/turn              (no ring)
MPRegen  0.08/turn              (no ring)

@: no status effects
A: distributed training, fangs 1, strong nose
a: no special abilities


You were on level 2 of the Dungeon.
You were not hungry.

You visited 1 branch of the dungeon, and saw 2 of its levels.

You collected 76 gold pieces.

Inventory:

Hand Weapons
 a - a +0 falchion (weapon)
Armour
 b - a +0 robe (worn)
 h - a +0 pair of boots (worn)
 m - a +0 cloak (worn)
Potions
 e - a potion of flight {unknown}
 g - 2 potions of heal wounds
 k - a potion of magic {unknown}
Comestibles
 c - 2 rations
 d - 4 chunks of flesh


   Skills:
 + Level 6.5 Fighting
 + Level 0.5 Short Blades
 + Level 6.5 Long Blades
 + Level 0.5 Axes
 + Level 0.5 Maces & Flails
 + Level 0.5 Polearms
 + Level 0.5 Staves
 + Level 0.5 Slings
 + Level 0.5 Bows
 + Level 0.5 Crossbows
 + Level 0.5 Throwing
 + Level 0.5 Armour
 + Level 6.5 Dodging
 + Level 4.1 Stealth
 + Level 0.5 Shields
 + Level 0.5 Unarmed Combat
 + Level 0.5 Spellcasting
 + Level 0.4 Conjurations
 + Level 0.4 Hexes
 + Level 0.4 Charms
 + Level 0.4 Summonings
 + Level 0.4 Necromancy
 + Level 0.4 Translocations
 + Level 0.4 Transmutations
 + Level 0.4 Fire Magic
 + Level 0.4 Ice Magic
 + Level 0.4 Air Magic
 + Level 0.4 Earth Magic
 + Level 0.4 Poison Magic
 + Level 0.7 Invocations
 + Level 0.5 Evocations


You had 2 spell levels left.
You didn't know any spells.
Your spell library was empty.

Dungeon Overview and Level Annotations

Branches:
Dungeon (2/15)

Altars:


Innate Abilities, Weirdness & Mutations

Your experience applies equally to all skills.
You have very sharp teeth.
Your uncanny sense of smell can sniff out nearby items.


Message History

There are monsters nearby! 2 orc priests come into view.
Found 3 gold pieces.
An orc comes into view. It is wielding a +0 club.
The orc priest shouts!
The orc shouts!
You hear a shout!
The orc priest shouts!
There is an escape hatch in the floor here.
You closely miss the orc priest.
The orc priest shouts!
The orc priest mumbles some strange prayers to Beogh against you.
Beogh smites you!
Ouch! That really hurt!
A kobold comes into view.
The orc priest invokes the aid of Beogh against you.
Pain shoots through your body!
* * * LOW HITPOINT WARNING * * *
You hear a shout!
You can't go up here!
The orc priest mumbles some strange prayers to Beogh against you.
Beogh smites you!
You die...

♣.♣ ...# # ♣.♣ #...#
##.##♣.♣# #...# .
#.......# #...# ..
#.......####<..##...
.....##..............
...................$.
.....##..............
.#.......####@..##..
#.......##..oo..#
...####.##.#oo..# #
#.##.#..>.# .. .
K....# ∆ .. ####o# .#
.. .. #.# ∆


You could see 3 orc priests, 2 orcs and a kobold.

Vanquished Creatures
  A dart slug (D:1)
  5 bats (D:1)
  2 giant cockroaches (D:1)
  3 goblins
  2 hobgoblins (D:1)
  A jackal (D:1)
  A ball python (D:2)
  A frilled lizard (D:1)
  A kobold (D:1)
  3 rats (D:1)
20 creatures vanquished.

Notes
Turn   | Place    | Note
-------+----------+-------------------------------------------
     0 | D:1      | KARABOGA the Gnoll Monk began the quest for the Orb.
     0 | D:1      | Reached XP level 1. HP: 23/23 MP: 1/1
   215 | D:1      | Reached XP level 2. HP: 29/29 MP: 2/2
   672 | D:2      | Killed from afar by an orc priest

Vault maps used:
D:1:      ebering_trefoil_twist, st_stairs_12, minmay_pentomino_p4
D:2:      minitemple, serial_forest, infiniplex_forest_corner_2,
          infiniplex_forest_end_1, infiniplex_forest_straight_1,
          infiniplex_forest_straight_3, infiniplex_forest_lined_2,
          infiniplex_forest_straight_5, infiniplex_forest_zigzag_1

Action                   || total
-------------------------++-------
Melee: Falchion          ||    48
       Bite              ||    11
       Spear             ||    17
  Use: Scroll            ||     3
 Stab: Sleeping          ||     2
Armor: Robe              ||    13
Dodge: Dodged            ||    56
       Rpst.: Falchion   ||    11

Table legend:
 A = Non-vault XP
 B = Vault XP
 C = Vault XP percentage of total XP
 D = Non-vault monster count
 E = Vault monster count
 F = Vault count percentage of total count
                 A         B        C        D         E       F
            +---------+---------+-------+---------+---------+-------
      Total |      25 |       7 |  21.9 |      16 |       4 |  20.0
            +---------+---------+-------+---------+---------+-------
        D:1 |      22 |       7 |  24.1 |      14 |       4 |  22.2
        D:2 |       3 |       0 |   0.0 |       2 |       0 |   0.0
            +---------+---------+-------+---------+---------+-------
